 Dungeon Crawl Stone Soup version 0.26-a0-690-gcb57259078 (webtiles) character file.

Game seed: 10001744992859968059

198 nomicflux the Digger (level 5, -5/32 HPs)
             Began as a Gargoyle Earth Elementalist on Oct 23, 2020.
             Killed by divine providence
             ... invoked by an orc priest
              (15 damage)
             ... on level 3 of the Dungeon.
             The game lasted 00:05:33 (2703 turns).

nomicflux the Digger (Gargoyle Earth Elementalist)  Turns: 2703, Time: 00:05:34

Health: -5/32      AC:  6    Str: 11    XL:     5   Next: 77%
Magic:  9/9        EV: 12    Int: 17    God:
Gold:   145        SH:  0    Dex: 10    Spells: 6/10 levels left

rFire    . . .     SeeInvis .   n - +0 whip (flame)
rCold    . . .     Faith    .   (no shield)
rNeg     + . .     Spirit   .   c - +0 robe
rPois    ∞         Reflect  .   (no helmet)
rElec    +         Harm     .   (no cloak)
rCorr    .         Rampage  .   (no gloves)
MR       .....                  (no boots)
Stlth    +.........             (no amulet)
HPRegen  0.10/turn              (no ring)
MPRegen  0.11/turn              (no ring)

@: very slow
A: negative energy resistance 1, electricity resistance, unbreathing,
petrification resistance, rot immunity, AC +4
a: no special abilities


You were on level 3 of the Dungeon.
You visited 1 branch of the dungeon, and saw 3 of its levels.

You collected 145 gold pieces.

Inventory:

Hand Weapons
 e - a +0 whip
 n - a +0 whip of flaming (weapon)
Missiles
 b - 113 stones (quivered)
Armour
 c - a +0 robe (worn)
Jewellery
 o - an uncursed ring of positive energy {unknown}
 s - an uncursed ring of see invisible {unknown}
Wands
 m - a wand of flame (26)
Scrolls
 d - a scroll of identify {unknown}
 g - 2 scrolls of magic mapping {unknown}
 i - a scroll of fog {unknown}
 l - 2 scrolls of teleportation {unknown}
 p - a scroll of enchant armour {unknown}
 q - a scroll of enchant weapon {unknown}
Potions
 a - 2 potions of mutation {unknown}
 f - a potion of lignification {unknown}
 h - a potion of haste {unknown}
 j - 2 potions of curing {unknown}
 k - a potion of heal wounds {unknown}
 r - a potion of invisibility {unknown}
 t - a potion of cancellation {unknown}


   Skills:
 + Level 2.8 Fighting
 + Level 2.2 Maces & Flails
 - Level 1.5 Dodging
 - Level 2.1 Stealth
 + Level 3.1 Spellcasting
   Level 0.7 Transmutations
 + Level 4.9 Earth Magic


You had 6 spell levels left.
You knew the following spells:

 Your Spells              Type           Power        Failure   Level
a - Sandblast             Erth           ###...       2%          1
b - Stone Arrow           Conj/Erth      ##....       19%         3

Your spell library contained the following spells:

 Spells                   Type           Power        Failure   Level
 Passwall                 Tmut/Erth      ##......     9%          2
 Petrify                  Tmut/Erth      ##......     47%         4
 Lee's Rapid Deconstruct  Erth           ###.......   54%         5


Dungeon Overview and Level Annotations

Branches:
Dungeon (3/15)

Altars:
Makhleb


Innate Abilities, Weirdness & Mutations

You are resistant to torment.
Your stone body is resilient. (AC +4)
You are immune to poison.
You resist negative energy. (rN+)
You are resistant to electric shocks. (rElec)
You can survive without breathing.
You are immune to petrification.
You are immune to rotting.


Message History

Casting: Sandblast (safe; 2% risk of failure)
Confirm with . or Enter, or press ? or * to list all spells.
Aiming: Sandblast (safe; 2% risk of failure)
Press: ? - help, Shift-Dir - straight line, f/p - orc wizard
Aim: an orc wizard, wielding a +0 dagger and wearing a +0 robe (almost dead, fast)
The blast of sand hits the orc wizard.
You kill the orc wizard!
b - 113 stones The orc priest mumbles some strange prayers to Beogh against you.
Pain shoots through your body!
The orc priest looks encouraged for a moment.
The orc priest calls down the wrath of Beogh upon you.
Beogh smites you!
You enter the shallow water.
Moving in this stuff is going to be slow.
The orc priest mumbles some strange prayers to Beogh against you.
Pain shoots through your body!
The orc priest mumbles some strange prayers to Beogh against you.
Beogh smites you!
You die...

#...o##############o≈≈..........
#....# ##≈≈≈≈.......... #....#
#oo≈≈≈.......... #....#
##≈≈≈≈≈#####.÷... #....#
#≈o≈≈≈## #.##'# #....# ##≈≈≈≈≈#
#.##.# ###o## #≈≈≈≈≈## #.##.#
h.. #≈≈≈≈≈# #.##.# ..oo.
##@≈≈≈## #.##.# #..o.o. #≈≈≈≈≈#
#.##.# #..o..h. #≈≈≈≈≈# #.##.#
#.o.o...# ####≈≈≈≈## #.##.#
#..>..... ....≈≈≈≈# #.##.#
..#.≈≈≈≈# ######.##.# #.≈≈≈≈##
#....#.##.# #.≈≈≈≈≈# #.##.#.##.#
#..#.≈≈≈≈≈# #.#.<#.##.#


You could see 2 orc priests and an orc.

Vanquished Creatures
  A sky beast (D:1)
  An orc wizard (D:3)
  An adder (D:2)
  4 worms
  3 dart slugs
  2 giant cockroaches (D:2)
  3 goblins
  10 hobgoblins
  4 jackals (D:3)
  6 kobolds
  A quokka (D:3)
  2 ball pythons
  7 bats
  5 frilled lizards
  5 rats
55 creatures vanquished.

Notes
Turn   | Place    | Note
-------+----------+-------------------------------------------
     0 | D:1      | nomicflux the Gargoyle Earth Elementalist began the quest
                  | for the Orb.
     0 | D:1      | Reached XP level 1. HP: 10/10 MP: 3/3
   278 | D:1      | Reached XP level 2. HP: 16/16 MP: 1/5
   282 | D:1      | Reached skill level 1 in Fighting
   820 | D:1      | Reached skill level 4 in Earth Magic
  1075 | D:2      | Reached XP level 3. HP: 20/20 MP: 4/6
  1080 | D:2      | Learned a level 3 spell: Stone Arrow
  1306 | D:2      | Found a burning altar of Makhleb.
  1362 | D:2      | Reached skill level 1 in Maces & Flails
  1529 | D:2      | Noticed a sky beast
  1570 | D:1      | Killed a sky beast
  1570 | D:1      | Reached XP level 4. HP: 12/27 MP: 0/8
  1570 | D:1      | Reached XP level 5. HP: 14/31 MP: 0/9
  1751 | D:2      | Found a faded altar of an unknown god.
  2703 | D:3      | Killed from afar by an orc priest

Illustrated notes

Levels and vault maps discovered:
D:1:      tarquinn_simple_flora_water_b, layout_basic, amethyst_killhole,
          minmay_ruptured
D:2:      layout_basic, nicolae_overflow_crystal_walls,
          chequers_ecumenical_altar_simple_redux
D:3:      wander_river, layout_basic

Skill      XL: |  1  2  3  4  5 |
---------------+----------------+-----
Fighting       | 1 2 |  2.8
Earth Magic    | 4 |  4.9
Maces & Flails | 1 2 |  2.2
Spellcasting   | 3 |  3.1
Dodging        | |  1.5
Stealth        | |  2.1
Transmutations | |  0.7

Action                   |  1- 3 |  4- 6 || total
-------------------------+-------+-------++-------
Melee: Whip              |    24 |    78 ||   102
 Cast: Sandblast         |    45 |    11 ||    56
       Stone Arrow       |     1 |       ||     1
Armor: Robe              |    12 |    20 ||    32
Dodge: Dodged            |    19 |    56 ||    75

Table legend: (Time is in decaauts)
 A = Elapsed time spent in this place.
 B = Non-inter-level travel time spent in this place.
 C = Inter-level travel time spent in this place.
 D = Time resting spent in this place.
 E = Time spent auto-exploring this place.
 F = Levels seen in this place.
 G = Mean time per level.
                   A        B        C        D        E       F      G
               +--------+--------+--------+--------+--------+-----+--------+
         Total |   2726 |   2707 |     19 |    351 |   1778 |   3 |  908.7 |
       Dungeon |   2726 |   2707 |     19 |    351 |   1778 |   3 |  908.7 |
               +--------+--------+--------+--------+--------+-----+--------+

Top non-repeatable levels by time:
     D:1: 1093 daAuts
     D:2: 931 daAuts
     D:3: 702 daAuts
